 Dungeon Crawl Stone Soup version 0.26-a0-800-g517d6fe721 (webtiles) character file.

Game seed: 1074249447197526672

1808 reriks the Skirmisher (level 9, -5/96 HPs)
             Began as an Ogre Berserker on Nov 11, 2020.
             Was a Believer of Trog.
             Slain by a gnoll
             ... wielding a +0 flail
              (9 damage)
             ... on level 8 of the Dungeon.
             The game lasted 00:11:56 (7637 turns).

reriks the Skirmisher (Ogre Berserker)              Turns: 7637, Time: 00:11:56

Health: -5/96      AC:  3    Str: 26    XL:     9   Next: 10%
Magic:  9/9        EV: 12    Int:  8    God:    Trog [**....]
Gold:   295        SH:  0    Dex: 14    Spells: 8/8 levels left

rFire    . . .     SeeInvis .   a - +1 mace
rCold    . . .     Faith    .   (no shield)
rNeg     . . .     Spirit   .   b - +0 animal skin
rPois    .         Reflect  .   (helmet restricted)
rElec    .         Harm     .   q - scarf {+Inv}
rCorr    .         Rampage  .   (gloves unavailable)
MR       ++...                  (boots unavailable)
Stlth    +.........             u - amulet of magic regeneration
HPRegen  1.26/turn              m - +4 ring of slaying
MPRegen  0.36/turn              o - +6 ring of dexterity

@: berserk cooldown, regenerating, slowed, very slow
A: large, unfitting armour, tough skin 1
a: Berserk, Trog's Hand, Renounce Religion, Evoke Invisibility


You were on level 8 of the Dungeon.
You worshipped Trog.
Trog was pleased with you.
You visited 1 branch of the dungeon, and saw 8 of its levels.
You also visited: Sewer.

You collected 295 gold pieces.

Inventory:

Hand Weapons
 a - a +1 mace (weapon)
Missiles
 B - 5 boomerangs (quivered)
Armour
 b - a +0 animal skin (worn)
 q - a scarf of invisibility (worn)
Jewellery
 m - a +4 ring of slaying (left hand)
 o - a +6 ring of dexterity (right hand)
 u - an amulet of magic regeneration (around neck)
 x - a +6 ring of dexterity
 y - an uncursed ring of magical power {unknown}
Wands
 k - a wand of acid (8)
 p - a wand of paralysis (7)
 v - a wand of polymorph (6)
 w - a wand of enslavement (7)
Scrolls
 d - 8 scrolls of remove curse
 e - a scroll of enchant armour
 f - 6 scrolls of teleportation
 i - 2 scrolls of enchant weapon
 A - 2 scrolls of identify
Potions
 c - 3 potions of might
 g - 6 potions of curing
 h - 3 potions of flight
 j - a potion of invisibility {unknown}
 l - 2 potions of cancellation {unknown}
 n - a potion of magic {unknown}
 r - a potion of resistance {unknown}
 s - 2 potions of brilliance {unknown}
 t - a potion of heal wounds {unknown}
 z - a potion of lignification {unknown}


   Skills:
 + Level 7.8 Fighting
 * Level 7.1 Maces & Flails
 + Level 4.0 Armour
 + Level 5.4 Dodging


You had 8 spell levels left.
You didn't know any spells.
Your spell library was empty.

Dungeon Overview and Level Annotations

Branches:
Dungeon (9/15)             Temple (0/1) D:5           Sewer (visited)
   Lair: D:8-11         Orc: D:9-12

Altars:
Nemelex Xobeh

Shops:
D:5 :


Innate Abilities, Weirdness & Mutations

You are too large for most types of armour.
You have tough skin. (AC +1)


Message History

The gnoll is heavily wounded.
The gnoll hits you with a +0 flail.
* * * LOW HITPOINT WARNING * * *
The gnoll closely misses you. x2
You completely miss the gnoll. The gnoll barely misses you.
The gnoll closely misses you. The gnoll misses you.
You barely miss the gnoll.
The gnoll is heavily wounded.
The gnoll barely misses you. x2
You hit the gnoll.
The gnoll is severely wounded.
The gnoll hits you with a +0 spear!
* * * LOW HITPOINT WARNING * * *
The gnoll hits you with a +0 flail.
* * * LOW HITPOINT WARNING * * *
The gnoll barely misses you.
Your skin crawls.
You feel resistant to hostile enchantments.
The gnoll hits you with a +0 flail!
You die...

gg........# # #.####.
#######.#####.#......
##....g.....#.###.[
#....g............)
#..##g#######.###..
#..##g# #.###..
######..##g# #......
#....)).##.# #......
##......@##.#######......
#......>gg........#'###..
#......#..#.####......##.
#......#..#(# #......##.
#......#..... ##)....# .
#.######...... #.....# .
... ........ ....### ###.
##.#........^.. #.
..####.......##


You could see 2 gnolls.

Vanquished Creatures
  Grinder (D:5)
  An orc warrior (D:8)
  A sky beast (D:8)
  An ice beast (D:5)
  A phantom (D:8)
  A big kobold (Sewer)
  Blork the orc (D:5)
  A bullfrog (D:6)
  A gnoll sergeant (D:8)
  A scorpion (D:5)
  3 orc priests
  A bullfrog skeleton (D:4)
  2 hounds
  2 jellies
  A gnoll shaman (D:8)
  A centaur skeleton (D:4)
  An iguana (D:5)
  5 orc wizards
  5 worker ants
  9 gnolls
  10 adders
  3 river rats (Sewer)
  A shadow imp (D:5)
  4 white imps (D:5)
  An ooze (D:3)
  2 adder skeletons (D:6)
  3 worms (D:3)
  A dart slug (D:4)
  5 leopard geckos
  16 orcs
  5 bats
  4 giant cockroaches
  3 goblins
  4 hobgoblins
  19 kobolds
  5 ball pythons
  5 frilled lizards
  A leopard gecko skeleton (D:4)
  A quokka skeleton (D:5)
  25 rats
158 creatures vanquished.

Notes
Turn   | Place    | Note
-------+----------+-------------------------------------------
     0 | D:1      | reriks the Ogre Berserker began the quest for the Orb.
     0 | D:1      | Reached XP level 1. HP: 24/24 MP: 1/1
   312 | D:1      | Reached XP level 2. HP: 27/32 MP: 2/2
  1022 | D:2      | Reached XP level 3. HP: 40/40 MP: 3/3
  1157 | D:2      | Reached skill level 1 in Armour
  1388 | D:2      | Reached XP level 4. HP: 45/49 MP: 4/4
  1638 | D:2      | You fall into a shaft and drop 1 floor!
  1985 | D:3      | Paralysed by a kobold for 7 turns
  2088 | D:3      | Reached ** piety under Trog
  2151 | D:3      | Found a sparkling altar of Nemelex Xobeh.
  2243 | D:4      | Found a glowing drain.
  2252 | D:4      | Reached XP level 5. HP: 49/55 MP: 5/5
  2263 | Sewer    | Entered a sewer
  2660 | Sewer    | Noticed a big kobold
  2669 | Sewer    | Killed a big kobold
  2669 | Sewer    | Reached skill level 5 in Fighting
  2925 | Sewer    | Reached XP level 6. HP: 66/66 MP: 6/6
  3121 | Sewer    | Reached *** piety under Trog
  4240 | D:5      | Entered Level 5 of the Dungeon
  4244 | D:5      | Found a staircase to the Ecumenical Temple.
  4286 | D:5      | Reached XP level 7. HP: 65/74 MP: 7/7
  4541 | D:5      | Found Joshru Vemo's Book Emporium.
  4541 | D:5      | Noticed Grinder
  4568 | D:5      | Killed Grinder
  4568 | D:5      | Reached skill level 5 in Maces & Flails
  4632 | D:5      | Noticed Blork the orc
  4665 | D:5      | Killed Blork the orc
  4728 | D:5      | Reached XP level 8. HP: 84/84 MP: 8/8
  6673 | D:6      | You fall into a shaft and drop 2 floors!
  6771 | D:8      | Reached skill level 5 in Dodging
  7290 | D:8      | Reached XP level 9. HP: 21/94 MP: 9/9
  7636 | D:8      | HP: 2/96 [gnoll/+0 flail (4)]
  7637 | D:8      | Slain by a gnoll

Illustrated notes

Levels and vault maps discovered:
D:1:      dpeg_arrival_signposts, layout_loops_corners, minmay_crystal_room
D:2:      layout_loops_ring
D:3:      layout_rooms, nemelex_lonely_heart_becter
D:4:      layout_rooms, gup_sewer_entry_glass,
          lightli_ossuary_entry_decrepit_ruins
D:5:      layout_rooms, minmay_temple_entry_arrows, serial_shops, shop,
          uniq_grinder, uniq_blork_the_orc
D:6:      layout_basic
D:8:      layout_basic
D:9:      layout_irregular_city, hiddenorc1_lemuel

Skill      XL: |  1  2  3  4  5  6  7  8  9 |
---------------+----------------------------+-----
Maces & Flails | 3 4 5 7 |  7.1
Armour         | 1 2 3 4 |  4.0
Dodging        | 3 4 5 |  5.4
Fighting       | 5 6 7 |  7.8

Action                   |  1- 3 |  4- 6 |  7- 9 || total
-------------------------+-------+-------+-------++-------
Melee: Mace              |    53 |   199 |   246 ||   498
Invok: Berserk           |       |     3 |     4 ||     7
       Trog's Hand       |       |     1 |    15 ||    16
  Use: Potion            |       |     4 |       ||     4
       Scroll            |       |     7 |     3 ||    10
 Stab: Sleeping          |     1 |     1 |     1 ||     3
       Distracted        |       |       |     1 ||     1
Armor: Animal skin       |    26 |    64 |    37 ||   127
Dodge: Dodged            |    31 |   184 |   146 ||   361

Table legend: (Time is in decaauts)
 A = Elapsed time spent in this place.
 B = Non-inter-level travel time spent in this place.
 C = Inter-level travel time spent in this place.
 D = Time resting spent in this place.
 E = Time spent auto-exploring this place.
 F = Levels seen in this place.
 G = Mean time per level.
                   A        B        C        D        E       F      G
               +--------+--------+--------+--------+--------+-----+--------+
         Total |   7768 |   7696 |     72 |   3298 |   3141 |   9 |  863.1 |
       Dungeon |   6577 |   6505 |     72 |   2804 |   2659 |   8 |  822.1 |
         Sewer |   1191 |   1191 |      0 |    494 |    482 |   1 | 1191.0 |
               +--------+--------+--------+--------+--------+-----+--------+

Top non-repeatable levels by time:
     D:5: 1247 daAuts
     D:6: 1214 daAuts
   Sewer: 1191 daAuts
     D:1: 1022 daAuts
     D:4: 870 daAuts
     D:2: 630 daAuts
     D:3: 613 daAuts
     D:8: 556 daAuts
     D:9: 421 daAuts
